 Dungeon Crawl Stone Soup version 0.27-a0-1122-g2a214b436d (webtiles) character file.

Game seed: 731301190752488241

69577 Feb132020 the Impaler (level 15, 0/119 HPs)
             Began as a Merfolk Venom Mage on May 1, 2021.
             Was the Champion of Nemelex Xobeh.
             Killed by the air
             ... invoked by a wind drake
              (13 damage)
             ... on level 1 of the Shoals on May 3, 2021.
             The game lasted 03:00:33 (23140 turns).

Feb132020 the Impaler (Merfolk Venom Mage)         Turns: 23140, Time: 03:00:34

Health: 0/119      AC:  7    Str: 11    XL:     15   Next: 30%
Magic:  29/29      EV: 22    Int: 17    God:    Nemelex Xobeh [******]
Gold:   1416       SH:  0    Dex: 18    Spells: 8/34 levels left

rFire    . . .     SeeInvis +   d - +5 halberd (protect)
rCold    + . .     Faith    +   (shield currently unavailable)
rNeg     . . .     Spirit   .   S - +1 leather armour {rC+}
rPois    +         Reflect  .   g - +2 hat {Stlth+}
rElec    .         Harm     .   k - scarf {shadows}
rCorr    .         Rampage  .   M - +0 pair of gloves
Will     +....                  (boots currently unavailable)
Stlth    ++++++....             t - amulet "Urren" {Faith rPois Regen+}
HPRegen  1.29/turn              K - ring of see invisible
MPRegen  0.21/turn              (no ring)

@: very quick
A: nimble swimmer 2, mertail, antennae 1, agile 1
a: Renounce Religion, Draw Escape, Draw Destruction, Draw Summoning, Draw Stack,
Triple Draw, Deal Four, Stack Five


You were on level 1 of the Shoals.
You worshipped Nemelex Xobeh.
Nemelex Xobeh was exalted by your worship.
You visited 4 branches of the dungeon, and saw 22 of its levels.
You also visited: Gauntlet.

You collected 1949 gold pieces.
You spent 533 gold pieces at shops.

Inventory:

Hand Weapons
 d - a +5 halberd of protection (weapon)
 i - a +3 hand axe
 p - the +5 falchion "Ydghuom" {vamp, rC+ rCorr}
   (You found it on level 6 of the Lair of Beasts)

   It inflicts no extra harm, but heals its wielder when it wounds a living foe.
   It protects you from cold.
   It protects you from acid and corrosion.
 q - a +0 spear
 u - a +2 halberd
 E - the +9 glaive "Piosihasm" {flame, rElec rF+ Will- Str+9}
   (You acquired it on level 4 of the Lair of Beasts)

   It has been specially enchanted to burn those struck by it, causing extra
   injury to most foes and up to half again as much damage against particularly
   susceptible opponents.
   Big, fiery blades are also staple armaments of hydra-hunters.
   It affects your strength (+9).
   It protects you from fire.
   It insulates you from electricity.
   It decreases your willpower.
 G - the +6 dagger of Efrimuf {freeze, +Blink}
   (You found it on level 7 of the Dungeon)

   It has been specially enchanted to freeze those struck by it, causing extra
   injury to most foes and up to half again as much damage against particularly
   susceptible opponents.
   It can also slow down cold-blooded creatures.
   It lets you blink.
Missiles
 H - 10 curare-tipped darts
Armour
 a - a +0 robe
 f - a scarf of invisibility
 g - a +2 hat of stealth (worn)
 k - a scarf of shadows (worn)
 l - a +1 cloak
 z - a +2 pair of boots of rampaging (melded)
 M - a +0 pair of gloves (worn)
 S - a +1 leather armour of cold resistance (worn)
Magical Staves
 C - a staff of cold
Jewellery
 t - the amulet "Urren" (around neck) {Faith rPois Regen+}
   (You found it on level 3 of the Dungeon)

   [amulet of faith]

   It allows you to gain divine favour quickly.
   It protects you from poison.
   It increases your rate of health regeneration.
 K - a ring of see invisible (left hand)
 L - a ring of flight
Wands
 c - a wand of iceblast (17)
 m - a wand of paralysis (16)
 y - a wand of flame (37)
 B - a wand of digging (6)
 F - a wand of polymorph (9)
 T - a wand of acid (4)
Scrolls
 h - 7 scrolls of teleportation
 n - 2 scrolls of fear
 r - 5 scrolls of fog
 v - 3 scrolls of amnesia
 A - a scroll of blinking
 O - 2 scrolls of identify
 R - a scroll of summoning
Potions
 b - 3 potions of haste
 e - a potion of cancellation
 j - 4 potions of lignification
 o - a potion of invisibility
 s - a potion of might {unknown}
 w - 5 potions of resistance
 x - a potion of brilliance {unknown}
 D - 2 potions of mutation
 I - 3 potions of flight
 P - 5 potions of heal wounds
 Q - a potion of curing
Miscellaneous
 J - a phial of floods
 N - a condenser vane


   Skills:
 + Level 11.3 Fighting
 + Level 17.3 Polearms
 + Level 10.7 Dodging
 + Level 8.2 Stealth
 + Level 10.2 Spellcasting
 + Level 1.1 Conjurations
 * Level 0.6 Translocations
 + Level 8.1 Transmutations
 * Level 7.1 Ice Magic
 + Level 11.4 Poison Magic
 * Level 6.8 Invocations
 + Level 1.0 Evocations


You had 8 spell levels left.
You knew the following spells:

 Your Spells              Type           Power      Damage    Failure   Level
a - Sting                 Tmut/Pois      100%       1d8       1%          1
b - Poisonous Vapours     Pois/Air       56%        N/A       1%          2
c - Mephitic Cloud        Conj/Pois/Air  22%        N/A       6%          3
d - Ice Form              Ice/Tmut       34%        N/A       4%          4
e - Metabolic Englaciati  Hex/Ice        10%        N/A       56%         5
o - Olgreb's Toxic Radia  Pois           47%        N/A       1%          4
A - Apportation           Tloc           20%        N/A       9%          1
B - Blink                 Tloc           N/A        N/A       13%         2
I - Summon Ice Beast      Ice/Summ       20%        N/A       26%         4

Your spell library contained the following spells:

 Spells                   Type           Power      Damage    Failure   Level
 Beastly Appendage        Tmut           72%        N/A       1%          1
 Wereblood                Tmut           36%        N/A       1%          2
 Spider Form              Tmut/Pois      21%        N/A       1%          3
 Ignite Poison            Fire/Tmut/Pois 30%        N/A       2%          3
 Magic Dart               Conj           48%        1d5       7%          1
 Animate Skeleton         Necr           16%        N/A       11%         1
 Corona                   Hex            8%         N/A       11%         1
 Pain                     Necr           32%        1d5       11%         1
 Summon Small Mammal      Summ           32%        N/A       11%         1
 Searing Ray              Conj           24%        3d4       11%         2
 Hydra Form               Tmut           18%        N/A       11%         5
 Call Imp                 Summ           8%         N/A       17%         2
 Slow                     Hex            8%         N/A       17%         2
 Petrify                  Tmut/Erth      22%        N/A       21%         4
 Conjure Flame            Conj/Fire      10%        6-21      26%         3
 Dazzling Flash           Conj/Hex       20%        N/A       26%         3
 Gell's Gravitas          Tloc           5%         N/A       26%         3
 Confusing Touch          Hex            8%         N/A       32%         3
 Vampiric Draining        Necr           4%         2d6       32%         3
 Yara's Violent Unravell  Hex/Tmut       11%        3d6       50%         5
 Iskenderun's Mystic Bla  Conj/Tloc      11%        2d4       58%         4
 Fulminant Prism          Conj/Hex       5%         3d7       65%         4
 Animate Dead             Necr           4%         N/A       73%         4
 Iskenderun's Battlesphe  Conj           12%        2d7       89%         5
 Bolt of Magma            Conj/Fire/Erth 4%         4d5       95%         5
 Agony                    Necr           8%         N/A       97%         5
 Simulacrum               Ice/Necr       10%        N/A       98%         6
 Freezing Cloud           Conj/Ice/Air   9%         6-21      99%         6
 Ozocubu's Refrigeration  Ice            16%        4d8       99%         7
 Iron Shot                Conj/Erth      5%         9d2       100%        6
 Orb of Destruction       Conj           6%         9d3       100%        7
 Spellforged Servitor     Conj/Summ      5%         N/A       100%        7


Dungeon Overview and Level Annotations

Branches:
Dungeon (14/15)            Temple (1/1) D:4            Lair (6/6) D:10
 Shoals (1/4) Lair:4        Snake (0/4) Lair:3        Slime (0/5) Lair:5
    Orc (0/2) D:11        Gauntlet (visited)
 Vaults: D:13-14

Altars:
Ashenzari
Cheibriados
Dithmenos
Elyvilon
Fedhas
Gozag
Hepliaklqana
Kikubaaqudgha
Makhleb
Nemelex Xobeh
Okawaru
Qazlal
Ru
Sif Muna
Trog
Uskayaw
Vehumet
Wu Jian
Xom
Yredelemnul
Zin
The Shining One
Beogh

Shops:
D:3 *   D:6 ((**:   D:7 [

Annotations:
Lair:4 exclusion: ice statue


Innate Abilities, Weirdness & Mutations

You are quick and stealthy near water. (Stealth+, EV+, Speed+++)
Your lower body shifts to a powerful aquatic tail in water.
You have a pair of small antennae on your head.
You are agile. (Dex +2)


Message History

You are too injured to fight recklessly!
As you read the scroll of fog, it crumbles to dust.
The scroll dissolves into smoke.
The harpy claws you. The harpy claws you! The harpy barely misses you.
The harpy claws you but does no damage. The harpy completely misses you. x2
The harpy claws you but does no damage. x2
Aiming: Throw Flame
Press: ? - help, Shift-Dir - straight line, f - wind drake, p - harpy
Aim: a wind drake (purple smoke, repelling missiles, 25% to hit)
The puff of flame hits the wind drake but does no damage.
The wind drake flaps its wings at you. The air twists around and strikes you!
* * * LOW HITPOINT WARNING * * *
The harpy claws you!
* * * LOW HITPOINT WARNING * * *
The harpy completely misses you.
You draw a card...
You have drawn the Rangers.
The harpy claws your centaur. The harpy claws your centaur!
The wind drake flaps its wings at you. The air twists around and strikes you!
* * * LOW HITPOINT WARNING * * *
The harpy closely misses your centaur. The harpy claws your centaur! x2
Your centaur dies!
Your centaur's corpse disappears in a puff of smoke!
The harpy closely misses your centaur. The harpy barely misses your centaur.
The harpy screeches!
Your centaur hits the harpy.
Your centaur kicks the harpy but does no damage.
The harpy completely misses your centaur.
The harpy claws your centaur.
The harpy completely misses your centaur.
The harpy claws your centaur.
The harpy claws your centaur but does no damage.
The harpy claws your centaur!
Your centaur dies!
Your centaur's corpse disappears in a puff of smoke!
The wind drake flaps its wings at you. The air twists around and strikes you!
You die...
Your body glows with a rainbow of weird colours and disappears.

≈≈≈≈≈≈≈≈≈....#...≈≈≈§§§§§≈≈≈≈≈≈≈.
≈≈≈≈≈≈≈≈≈...###..≈≈§§§§§§≈≈≈≈≈≈≈.
≈≈≈≈≈..≈≈...####.≈≈≈§§§§§≈≈≈≈≈≈..
≈≈≈≈≈≈≈≈≈>...###.≈≈≈≈§§§§§≈≈≈≈≈..
≈≈≈≈≈≈≈≈≈≈≈)....≈≈HHk§≈§§§≈≈≈≈≈≈.
≈≈≈≈≈≈≈≈≈.≈..#.≈≈≈§c≈≈≈≈§§≈≈≈≈≈.
≈≈≈≈...........≈≈≈≈≈≈≈≈≈≈≈≈≈≈≈≈
≈≈≈..#######..≈≈≈≈≈≈≈≈≈≈≈≈≈≈≈≈
≈≈≈.## #..≈≈@≈≈≈≈≈≈≈≈≈≈≈≈ ≈≈.##
#.≈≈≈≈≈≈≈≈≈≈≈≈≈PP≈ ≈≈..##
..≈≈≈≈≈≈≈≈≈≈≈≈≈≈≈≈≈ ≈≈≈..###
≈≈≈≈≈≈≈≈≈≈≈≈≈≈≈≈ .≈≈≈≈....
≈≈≈≈≈≈≈≈≈≈≈≈≈≈≈ .≈≈≈≈≈≈≈≈
≈≈≈≈≈≈≈≈≈≈≈.≈≈ .≈≈≈≈≈≈≈≈
≈≈≈?.≈≈≈≈≈≈.. .≈≈≈≈≈≈≈≈ ≈≈≈≈≈≈≈≈≈


You could see a wind drake (repels missiles), 2 harpies and a friendly centaur
(summoned).

Vanquished Creatures
  2 hydras
  A boulder beetle (Lair:5)
  Erolcha (D:10)
  A catoblepas (Lair:3)
  11 death yaks
  A two-headed ogre (D:11)
  A spectral hydra (Lair:2)
  2 harpies (Shoals:1)
  An oklob plant (Lair:5)
  2 slime creatures (Lair:5)
  2 manticores
  4 elephants (Lair:3)
  4 black mambas
  Joseph (D:10)
  11 cane toads
  A kobold demonologist (D:10)
  13 komodo dragons
  2 rime drakes
  3 trolls
  8 polar bears
  A wind drake (Lair:4)
  A queen bee (Lair:1)
  5 hornets (Lair:6)
  Grinder (D:5)
  28 blink frogs
  A jumping spider (shapeshifter) (D:14)
  A snapping turtle (Shoals:1)
  11 dream sheep
  4 wyverns
  70 yaks
  A shadow (D:11)
  2 wraiths
  13 spriggans (Lair:6)
  4 basilisks
  A human (D:11)
  A steam dragon (Lair:3)
  5 vampire mosquitoes
  A warg (D:11)
  4 nagas (Lair:3)
  Edmund (D:4)
  2 acid dragons (D:10)
  22 water moccasins
  A hydra simulacrum (Lair:2)
  A swamp drake (Lair:2)
  8 ice beasts
  A hornet zombie (D:8)
  6 orc warriors
  2 sky beasts
  5 black bears
  2 black mamba simulacra (Lair:2)
  4 boggarts (Lair:6)
  57 wolves
  5 centaurs
  3 ogres
  3 phantoms
  3 kobold brigands
  12 bullfrogs
  A scorpion (D:7)
  A wyvern skeleton (D:5)
  6 killer bees (D:7)
  A water moccasin skeleton (D:6)
  A dream sheep simulacrum (Lair:2)
  A howler monkey (Lair:1)
  4 wights (D:10)
  2 electric eels (Lair:2)
  3 jellies
  Crazy Yiuf (D:2)
  A bullfrog skeleton (D:5)
  4 centaur zombies
  8 orc priests
  6 iguanas
  12 orc wizards
  A howler monkey skeleton (D:7)
  4 howler monkey zombies
  4 gnolls
  16 adders
  A shadow imp (D:7)
  2 white imps
  An ufetubus (D:5)
  2 adder skeletons
  2 worms (D:2)
  2 dart slugs
  49 orcs
  4 endoplasms
  A giant cockroach (D:1)
  3 goblins
  4 hobgoblins
  11 kobolds
  A quokka (D:3)
  13 ball pythons
  5 bats
  4 frilled lizards
  6 rats
553 creatures vanquished.

Vanquished Creatures (collateral kills)
  The ghost of Gilette the Severer, a journeyman NaFi of Nemelex Xobeh (Lair:6)
  A dire elephant (Lair:6)
  The ghost of onwiheg the Impaler, a journeyman MfFi of Okawaru (Lair:2)
  An ice dragon (Lair:4)
  2 hydras
  A black mamba (Lair:2)
  A cane toad (Lair:4)
  A komodo dragon (Lair:5)
  A hornet (D:7)
  3 dream sheep (Lair:4)
  A yak (Lair:6)
  A water moccasin (Lair:6)
  An ice beast (Lair:4)
  A black bear (D:6)
  11 wolves
  A water moccasin zombie (D:7)
  A gnoll (D:7)
  A white imp (Lair:4)
31 creatures vanquished.

Vanquished Creatures (others)
  A wizard (D:3)
  2 bushes (Lair:6)
  87 fungi
  73 plants
163 creatures vanquished.

Grand Total: 747 creatures vanquished

Notes
Turn   | Place    | Note
-------+----------+-------------------------------------------
     0 | D:1      | Feb132020 the Merfolk Venom Mage began the quest for the
                  | Orb.
     0 | D:1      | Reached XP level 1. HP: 13/13 MP: 3/3
   213 | D:1      | Reached XP level 2. HP: 19/19 MP: 3/5
   216 | D:1      | Learned a level 2 spell: Poisonous Vapours
   881 | D:1      | Found a faded altar of an unknown god.
   886 | D:1      | Reached XP level 3. HP: 20/24 MP: 1/6
  1543 | D:2      | Found a runed translucent door.
  1544 | D:2      | Noticed Crazy Yiuf
  1989 | D:2      | Reached XP level 4. HP: 30/30 MP: 0/7
  2581 | D:2      | Reached XP level 5. HP: 21/35 MP: 2/9
  3371 | D:3      | Reached skill level 5 in Poison Magic
  3654 | D:3      | Identified the amulet "Urren" {Faith rPois Regen+}
  3677 | D:3      | Reached XP level 6. HP: 40/42 MP: 7/10
  3896 | D:3      | Found a bloodstained altar of Trog.
  3897 | D:3      | Noticed a wizard
  3903 | D:3      | Killed a wizard
  4136 | D:3      | Found an ornate altar of the Wu Jian Council.
  4136 | D:3      | Found a sparkling altar of Nemelex Xobeh.
  4141 | D:3      | Became a worshipper of Nemelex Xobeh the Trickster
  4191 | D:3      | Found Erhuon's Assorted Antiques.
  4199 | D:3      | Bought a scroll labelled COIGEPP XOFRE for 20 gold pieces
  4199 | D:3      | Bought a scroll labelled NYXKET ZUMAXUUG for 20 gold pieces
  4226 | D:4      | Noticed Edmund
  4233 | D:3      | Learned a level 3 spell: Mephitic Cloud
  4300 | D:3      | Reached skill level 1 in Polearms
  4356 | D:4      | Reached skill level 1 in Fighting
  4356 | D:4      | Reached skill level 2 in Polearms
  4436 | D:4      | Found a glowing silver altar of Zin.
  4472 | D:4      | HP: 2/43 [ogre/+0 giant club (17)]
  4475 | D:4      | Reached XP level 7. HP: 4/48 MP: 7/12
  4643 | D:4      | Reached skill level 3 in Polearms
  4673 | D:4      | Found a staircase to the Ecumenical Temple.
  4692 | Temple   | Entered the Ecumenical Temple
  5343 | D:4      | Killed Edmund
  5344 | D:4      | Reached skill level 4 in Polearms
  5508 | D:5      | Entered Level 5 of the Dungeon
  5509 | D:5      | Reached * piety under Nemelex Xobeh
  5620 | D:5      | Reached skill level 5 in Polearms
  5620 | D:5      | Reached XP level 8. HP: 56/56 MP: 14/14
  5824 | D:5      | Received a gift from Nemelex Xobeh
  5826 | D:5      | Identified the +12 falchion of Growth {antimagic, Drain rC+
                  | Str+3}
  5915 | D:5      | Noticed Grinder
  5955 | D:5      | Reached skill level 6 in Polearms
  6120 | D:5      | Killed Grinder
  6121 | D:5      | Reached skill level 7 in Polearms
  6330 | D:6      | Found Jiemmutu's Book Shop.
  6403 | D:6      | Reached XP level 9. HP: 58/64 MP: 9/16
  6416 | D:6      | Reached skill level 5 in Spellcasting
  6460 | D:6      | Reached ** piety under Nemelex Xobeh
  6476 | D:6      | Reached skill level 8 in Polearms
  6500 | D:6      | Found a snail-covered altar of Cheibriados.
  6643 | D:3      | Bought a pair of embroidered boots for 150 gold pieces
  6779 | D:6      | Reached skill level 5 in Dodging
  6808 | D:6      | Found Opsao's Weapon Shop.
  6822 | D:6      | Found Ligelloe's Antique Weapon Shoppe.
  6846 | D:6      | Found Jityviki's General Store.
  6929 | D:6      | Found Guroishro's General Store.
  7051 | D:7      | Identified the +6 dagger of Efrimuf {freeze, +Blink}
  7088 | D:7      | Reached skill level 9 in Polearms
  7156 | D:7      | Reached skill level 5 in Stealth
  7166 | D:7      | Reached skill level 10 in Polearms
  7281 | D:7      | Found Xahan's Armour Emporium.
  7356 | D:7      | Received a gift from Nemelex Xobeh
  7430 | D:7      | Noticed a hornet
  7435 | D:7      | Paralysed by a hornet for 1 turns
  7447 | D:7      | HP: 2/66 [poisoned by a hornet]
  7448 | D:7      | Killed a hornet
  7449 | D:7      | Reached skill level 11 in Polearms
  7634 | D:7      | Reached XP level 10. HP: 73/73 MP: 17/17
  7668 | D:7      | Reached *** piety under Nemelex Xobeh
  7669 | D:7      | Found a shimmering altar of Xom.
  7717 | D:7      | Received a gift from Nemelex Xobeh
  7728 | D:7      | Found a sacrificial altar of Ru.
  8037 | D:7      | Upgraded the game from 0.27-a0-1113-gb2b6fe9c5e to
                  | 0.27-a0-1118-ga84896973d
  8160 | D:8      | Gained mutation: You are agile. (Dex +2) [potion of
                  | mutation]
  8160 | D:8      | Gained mutation: You have a pair of small antennae on your
                  | head. [potion of mutation]
  8320 | D:8      | Found a glowing golden altar of the Shining One.
  8400 | D:8      | Reached skill level 12 in Polearms
  8668 | D:8      | Reached **** piety under Nemelex Xobeh
  8824 | D:9      | Reached skill level 5 in Fighting
  9015 | D:9      | Received a gift from Nemelex Xobeh
  9771 | D:10     | Entered Level 10 of the Dungeon
  9797 | D:10     | Reached skill level 13 in Polearms
  9863 | D:10     | Noticed Erolcha
  9891 | D:10     | Killed Erolcha
  9959 | D:10     | Noticed Joseph
 10090 | D:10     | Noticed a kobold demonologist
 10129 | D:10     | Killed a kobold demonologist
 10130 | D:10     | Reached skill level 14 in Polearms
 10130 | D:10     | Reached XP level 11. HP: 84/84 MP: 11/19
 10250 | D:10     | Identified the +6 mace of the Nexus {speed, Contam +Rage
                  | Dex+4 SInv}
 10284 | D:10     | Received a gift from Nemelex Xobeh
 10303 | D:10     | Found a staircase to the Lair.
 10318 | D:10     | Killed Joseph
 10930 | Lair:1   | Entered Level 1 of the Lair of Beasts
 11037 | Lair:1   | Reached ***** piety under Nemelex Xobeh
 11344 | Lair:1   | Received a gift from Nemelex Xobeh
 11629 | Lair:1   | Learned a level 4 spell: Ice Form
 11654 | Lair:1   | Received a gift from Nemelex Xobeh
 11793 | Lair:1   | Reached skill level 1 in Ice Magic
 12247 | Lair:1   | Reached skill level 1 in Conjurations
 12266 | Lair:1   | Reached skill level 15 in Polearms
 12386 | Lair:2   | Found a gate leading to a gauntlet.
 12392 | Gauntlet | Entered a Gauntlet
 12392 | Gauntlet | Found a transporter.
 12392 | Gauntlet | Received a gift from Nemelex Xobeh
 12393 | Gauntlet | Noticed a wizard
 12410 | Gauntlet | Found a transporter.
 12410 | Gauntlet | Found a transporter.
 12418 | Gauntlet | Found a transporter.
 12422 | Gauntlet | Found a transporter.
 12427 | Gauntlet | Noticed a thrashing horror
 12430 | Gauntlet | Found a transporter.
 12433 | Gauntlet | Noticed a thrashing horror
 12449 | Gauntlet | Noticed a hell hog
 12451 | Gauntlet | Found a runed translucent door.
 12452 | Gauntlet | Found a transporter.
 12453 | Gauntlet | Found the macabre finger necklace {rN+}
 12453 | Gauntlet | Found a runed translucent door.
 12469 | Gauntlet | Found a transporter.
 12473 | Gauntlet | Found a transporter.
 12481 | Gauntlet | Found a transporter.
 12485 | Gauntlet | Found a transporter.
 12487 | Gauntlet | Found a runed translucent gate.
 12487 | Gauntlet | Found a runed translucent gate.
 12489 | Gauntlet | Found a runed translucent gate.
 12493 | Gauntlet | Found a transporter.
 12599 | Lair:2   | Learned a level 4 spell: Olgreb's Toxic Radiance
 12661 | Lair:2   | Reached XP level 12. HP: 91/92 MP: 17/23
 12678 | Lair:2   | Reached skill level 5 in Transmutations
 12734 | Lair:2   | Found a runed translucent gate.
 12735 | Lair:2   | Found a runed translucent gate.
 12736 | Lair:2   | Found a runed translucent gate.
 12742 | Lair:2   | Noticed onwiheg's ghost (journeyman MfFi)
 12863 | Lair:2   | Received a gift from Nemelex Xobeh
 12913 | Lair:2   | Noticed an eight-headed hydra
 13006 | Lair:2   | Received a gift from Nemelex Xobeh
 13706 | Lair:2   | Received a gift from Nemelex Xobeh
 13750 | Lair:2   | Killed an eight-headed hydra
 14219 | Lair:3   | Reached skill level 16 in Polearms
 14685 | Lair:3   | Reached XP level 13. HP: 101/101 MP: 22/25
 14808 | Lair:3   | Found a staircase to the Snake Pit.
 14813 | Lair:3   | Reached skill level 5 in Ice Magic
 15129 | Lair:3   | Upgraded the game from 0.27-a0-1118-ga84896973d to
                  | 0.27-a0-1122-g2a214b436d
 15166 | Lair:4   | Received a gift from Nemelex Xobeh
 15437 | Lair:4   | Reached ****** piety under Nemelex Xobeh
 15472 | Lair:4   | Noticed an ice dragon
 15484 | Lair:4   | Killed an ice dragon
 15624 | Lair:4   | Found a staircase to the Shoals.
 15678 | Lair:4   | Identified a scroll of acquirement
 15678 | Lair:4   | Acquired the +9 glaive "Piosihasm" {flame, rElec rF+ Will-
                  | Str+9}
 16266 | Lair:4   | Received a gift from Nemelex Xobeh
 16857 | Lair:5   | Found a staircase to the Slime Pits.
 16862 | Lair:5   | Received a gift from Nemelex Xobeh
 16880 | Lair:5   | Found a shimmering altar of Xom.
 17257 | Lair:5   | Reached skill level 10 in Fighting
 17397 | Lair:5   | Found a hide-covered altar of Uskayaw.
 17433 | Lair:5   | Reached skill level 1 in Invocations
 17505 | Lair:5   | Found an ornate altar of the Wu Jian Council.
 17744 | Lair:6   | Entered Level 6 of the Lair of Beasts
 17916 | Lair:6   | Reached XP level 14. HP: 50/110 MP: 22/27
 18053 | Lair:6   | Reached skill level 10 in Poison Magic
 18464 | D:6      | Bought a book of Cantrips for 280 gold pieces
 18531 | D:7      | Bought a +0 pair of gloves for 63 gold pieces
 18742 | Lair:4   | Learned a level 1 spell: Apportation
 19607 | Lair:6   | Received a gift from Nemelex Xobeh
 19636 | Lair:6   | Identified the +6 long sword "Qoobupso" {vorpal, *Noise
                  | +Blink rC+ Int+2}
 19795 | Lair:6   | Reached skill level 5 in Invocations
 19865 | Lair:6   | Identified the +5 falchion "Ydghuom" {vamp, rC+ rCorr}
 19983 | Lair:6   | Reached skill level 10 in Dodging
 19999 | Lair:6   | Reached skill level 17 in Polearms
 20165 | Lair:6   | Reached skill level 1 in Evocations
 20230 | Lair:6   | Found a runed translucent door.
 20232 | Lair:6   | Noticed a dire elephant
 20232 | Lair:6   | Noticed Gilette's ghost (journeyman NaFi)
 20417 | Lair:6   | Reached skill level 10 in Spellcasting
 20567 | Lair:6   | Reached XP level 15. HP: 95/117 MP: 17/29
 20659 | Lair:6   | Received a gift from Nemelex Xobeh
 20760 | Lair:6   | Received a gift from Nemelex Xobeh
 21152 | Lair:6   | Killed Gilette's ghost
 21174 | Lair:6   | Learned a level 4 spell: Summon Ice Beast
 21180 | Lair:6   | Learned a level 5 spell: Metabolic Englaciation
 21484 | Lair:2   | Identified the -1 quarterstaff of Zoupraradgh {venom, *Rage
                  | Int+2 Dex+6}
 21501 | Lair:2   | Killed onwiheg's ghost
 21911 | D:2      | Killed Crazy Yiuf
 22217 | D:11     | Received a gift from Nemelex Xobeh
 22410 | D:11     | Found a staircase to the Orcish Mines.
 22473 | D:11     | Acquired 283 gold pieces
 22495 | D:11     | Received a gift from Nemelex Xobeh
 22505 | D:11     | Learned a level 2 spell: Blink
 22638 | D:11     | You fall into a shaft and drop 3 floors!
 22769 | D:13     | Received a gift from Nemelex Xobeh
 22990 | Shoals:1 | Entered Level 1 of the Shoals
 23061 | Shoals:1 | Received a gift from Nemelex Xobeh
 23140 | Shoals:1 | Killed from afar by a wind drake

Illustrated notes

Levels and vault maps discovered:
D:1:      roderic_crossed_star, layout_loops_ring, ebering_ecumenical_altar_hall
D:2:      layout_rooms, serial_curves, eino_curves_04, eino_curves_01,
          minmay_snake_closets, uniq_crazy_yiuf_cottage
D:3:      layout_rooms, gammafunk_temple_overflow_statue, trog_wizard,
          serial_shops, nicolae_shop_waterfront, grunt_ministairs_10,
          dk_noncrumbling_3
D:4:      layout_basic, zin_statuary, minmay_temple_entry_ruins, uniq_edmund
D:5:      layout_cave_pools, amcnicky_mini_corridor_feature,
          chequers_serial_rivers_large_a, uniq_grinder
D:6:      layout_cave_pools, kennysheep_mini_moat, serial_shops, shop,
          nicolae_shop_stone, shop, nicolae_shop_temple_entry_statues_fountains,
          kennysheep_mini, minmay_misc_feat_five
D:7:      layout_gridville, nicolae_ru_awakened_eye, lemuel_tele_altar,
          serial_shops, nicolae_shop_waterfront, minmay_misc_feat_four_crosses,
          grunt_ministairs_10, minmay_fractal_squares_gapless_5
D:8:      layout_basic, tso_oasis_becter, kennysheep_cross_room
D:9:      layout_rooms, serial_glass, glass_columns_a, glass_columns_a,
          special_room [special_room_orc]
D:10:     layout_loops_ring, lair_entry_dummy, uniq_joseph, uniq_erolcha
D:11:     layout_long_grid, erik_orc_4
D:12:     layout_irregular_city, uniq_gastronok, uniq_jorgrun, uniq_nessos,
          uniq_azrael
D:13:     layout_basic, hangedman_vaults_entry_quadrant_bands, nzn_life_drinkers
D:14:     layout_roguey, serial_park_avenue1, guppyfry_shop_earth
Temple:   eino_temple_water
Lair:1:   layout_cave_pods
Lair:2:   layout_gridlike, gauntlet_entry_generic, gammafunk_ghost_necromancy
Lair:3:   layout_loops_ring, minmay_snake_entry_guardpost_small
Lair:4:   layout_cave_pods, minmay_shoals_entry_beasts, ice2_lemuel
Lair:5:   dpeg_oklob_shooting_range, layout_regular_city,
          minmay_slime_entry_pillars, basic_altar,
          cheibrodos_lair_caveside_slide, nzn_masters_of_martial_movement,
          lemuel_fruit_fields, serial_bayou_shore_b
Lair:6:   minmay_lair_end_enchanted_forest, layout_regular_city,
          ebering_ghost_inner_flame, chequers_serial_rivers_room_a, st_stairs_4,
          chequers_serial_rivers_micro_b, grunt_forest_large_clearings
Shoals:1: layout_shoals, uniq_donald

Skill      XL: |  1  2  3  4  5  6  7  8  9 10 11 12 13 14 15 |
---------------+----------------------------------------------+-----
Poison Magic   | 4 5 6 7 8 9 11 | 11.4
Dodging        | 3 4 5 6 7 9 10 | 10.7
Transmutations | 2 3 4 7 8 |  8.1
Spellcasting   | 3 4 5 7 8 9 10 | 10.2
Polearms       | 2 5 7 11 14 15 16 17 | 17.3
Fighting       | 1 2 3 4 7 8 9 10 11 | 11.3
Stealth        | 3 5 6 7 8 |  8.2
Ice Magic      | 2 4 6 7 |  7.1
Conjurations   | 1 |  1.1
Invocations    | 2 6 |  6.8
Evocations     | 1 |  1.0
Translocations | |  0.6

Action                   |  1- 3 |  4- 6 |  7- 9 | 10-12 | 13-15 || total
-------------------------+-------+-------+-------+-------+-------++-------
Melee: Hand axe          |     1 |    23 |       |       |       ||    24
       Spear             |       |    16 |       |       |       ||    16
       Halberd           |       |    31 |   277 |   703 |  1035 ||  2046
       Tailslap          |       |       |       |     4 |    16 ||    20
 Cast: Sting             |    48 |    28 |     7 |     2 |       ||    85
       Poisonous Vapours |    12 |    30 |    22 |    91 |    76 ||   231
       Mephitic Cloud    |       |       |     5 |    21 |     7 ||    33
       Olgreb's Toxic Ra |       |       |       |    12 |    58 ||    70
       Apportation       |       |       |       |       |    13 ||    13
Invok: Draw Destruction  |       |       |       |    18 |    21 ||    39
       Draw Stack        |       |       |       |     2 |     8 ||    10
       Draw Summoning    |       |       |       |     1 |     8 ||     9
       Stack Five        |       |       |       |     1 |     2 ||     3
       Draw Escape       |       |       |       |       |     2 ||     2
Evoke: Wand              |       |       |       |     6 |     7 ||    13
       Phial of floods   |       |       |       |       |     2 ||     2
       Condenser vane    |       |       |       |       |     1 ||     1
  Use: Scroll            |       |     5 |     7 |    15 |     7 ||    34
       Potion            |       |       |     4 |     4 |       ||     8
 Stab: Sleeping          |       |     3 |     8 |     7 |    12 ||    30
       Confused          |       |       |     3 |    11 |     7 ||    21
       Invisible         |       |       |     1 |       |       ||     1
       Distracted        |       |       |       |     2 |     3 ||     5
       Petrified         |       |       |       |       |     2 ||     2
       Petrifying        |       |       |       |       |     1 ||     1
Armor: Robe              |     6 |     6 |    88 |   109 |   206 ||   415
       Leather armour    |       |       |       |       |    16 ||    16
Dodge: Dodged            |    16 |    46 |   234 |   310 |   715 ||  1321

Table legend: (Time is in decaauts)
 A = Elapsed time spent in this place.
 B = Non-inter-level travel time spent in this place.
 C = Inter-level travel time spent in this place.
 D = Time resting spent in this place.
 E = Time spent auto-exploring this place.
 F = Levels seen in this place.
 G = Mean time per level.
                   A        B        C        D        E       F      G
               +--------+--------+--------+--------+--------+-----+--------+
         Total |  22483 |  20044 |   2439 |    629 |  15033 |  23 |  977.5 |
       Dungeon |  11876 |  10496 |   1380 |    214 |   8074 |  14 |  848.3 |
        Temple |    285 |    264 |     21 |      0 |    264 |   1 |  285.0 |
          Lair |  10083 |   9046 |   1037 |    415 |   6507 |   6 | 1680.5 |
        Shoals |    124 |    124 |      0 |      0 |     84 |   1 |  124.0 |
      Gauntlet |    112 |    112 |      0 |      0 |    103 |   1 |  112.0 |
               +--------+--------+--------+--------+--------+-----+--------+

Top non-repeatable levels by time:
  Lair:6: 2242 daAuts
     D:2: 2050 daAuts
  Lair:2: 1801 daAuts
  Lair:5: 1690 daAuts
  Lair:1: 1631 daAuts
  Lair:4: 1497 daAuts
     D:1: 1432 daAuts
  Lair:3: 1220 daAuts
    D:10: 1212 daAuts
     D:7: 1184 daAuts
     D:9: 1171 daAuts
     D:3: 940 daAuts
     D:4: 937 daAuts
     D:5: 832 daAuts
     D:8: 776 daAuts
